 Dungeon Crawl Stone Soup version 0.14-a0-1773-ge500af7 (webtiles) character file.

479 HollowCharge the Poker (level 6, -14/49 HPs)
             Began as a Merfolk Skald on Jan 7, 2014.
             Demolished by an ogre
             ... wielding a +0,+0 giant club
              (17 damage)
             ... on Level 4 of the Dungeon.
             The game lasted 00:22:33 (5542 turns).

HollowCharge the Poker (Merfolk Skald)              Turns: 5542, Time: 00:22:33

HP -14/49        AC  9     Str 13      XL: 6   Next: 62%
MP  10/10        EV 12     Int 11      God:
Gold 127         SH  0     Dex 15      Spells:  3 memorised,  4 levels left

rFire  + . .     SeeInvis +     a - +0 spear
rCold  . . .     Clarity  .     e - +2 scale mail {rF+}
rNeg   . . .     Conserve .     (no shield)
rPois  .         rCorr    .     (no helmet)
rElec  .         rRot     .     p - +0 cloak
SustAb . .       Spirit   .     (no gloves)
rMut   .         Warding  .     (no boots)
Saprov . . .     Stasis   .     (no amulet)
                                b - +4 ring of evasion
                                v - ring of see invisible

@: slightly resistant to hostile enchantments, extremely unstealthy
A: change form in water, swift swim
a: no special abilities


You were on level 4 of the Dungeon.
You were near starving.

You visited 1 branch of the dungeon, and saw 4 of its levels.

You collected 127 gold pieces.

Inventory:

Hand weapons
 a - a +0,+0 spear (weapon)
 h - a +0,+0 spear
Armour
 e - a +2 scale mail of fire resistance (worn)
 n - a +1 robe of magic resistance
 p - a +0 cloak (worn)
Comestibles
 d - 5 bread rations
 g - a beef jerky
 j - a meat ration
 l - an apple
Scrolls
 f - a scroll of teleportation
 m - a scroll of recharging
 o - 4 scrolls of remove curse
 t - 2 scrolls of enchant weapon I {unknown}
 w - a scroll of enchant weapon II {unknown}
Jewellery
 b - a +4 ring of evasion (right hand)
 v - a ring of see invisible (left hand)
Potions
 i - 2 potions of heal wounds
 k - a potion of flight {unknown}
 q - a potion of curing
 r - 2 potions of resistance {unknown}
 s - 2 potions of magic
 u - 2 potions of brilliance {unknown}
Books
 c - a book of Battle

   Spells                             Type                      Level
   *Infusion                          Charms                       1
   *Shroud of Golubria                Charms/Translocation         2
   *Song of Slaying                   Charms                       2
   Spectral Weapon                    Hexes/Charms                 3
   Regeneration                       Charms/Necromancy            3


   Skills:
 * Level 4.4 Fighting
 * Level 5.8 Polearms
 - Level 1.0 Armour
 * Level 4.7 Dodging
 + Level 1.7 Stealth
 - Level 2.0 Spellcasting
 - Level 3.2 Charms


You had 4 spell levels left.
You knew the following spells:

 Your Spells              Type           Power        Failure   Level  Hunger
a - Infusion              Chrm           #.....       54%         1    ##.....
b - Shroud of Golubria    Chrm/Tloc      #.........   97%         2    ###....
c - Song of Slaying       Chrm           #.......     78%         2    ###....


Dungeon Overview and Level Annotations

Branches:
Dungeon (4/16)             Temple (0/1) D:4

Altars:
Xom


Message History

There is an open door here.
There is an open door here.
A hobgoblin comes into view.
The ogre shouts!
You hit the ogre but do no damage. The ogre closely misses you.
You hit the ogre.
The ogre is lightly wounded.
You hit the ogre.
The ogre is moderately wounded.
The ogre hits you with a giant club!
You hit the ogre.
The ogre is moderately wounded.
The ogre hits you with a giant club!
* * * LOW HITPOINT WARNING * * *
You hit the ogre but do no damage.
The ogre is moderately wounded.
You hit the ogre.
The ogre is heavily wounded.
The ogre hits you with a giant club!
You die...

#...#..........# #####........
#...#..........# #............
#...#..........# #..#.#.......
#..............#####....#.......
#.............%#..........##+#+#
#....#'######.%...##............
#....#.######.##..##............
##....#........##..##..###.......
..............gO@................
.........#####.##..##............
.........# ####..###.........##
........#########<.............##
###...............########.....#.
#...............# #.......
###...............# #.......
#..............#### #.#..##.
#..............# ##......


You could see an ogre and a hobgoblin.

Vanquished Creatures
  An ogre (D:4)
  A worker ant (D:4)
  A scorpion (D:4)
  11 adders
  A giant mite (D:1)
  An adder skeleton (D:4)
  2 giant eyeballs (D:4)
  2 oozes
  2 orcs
  A ball python (D:3)
  12 bats
  2 bat skeletons (D:4)
  6 giant cockroaches
  13 goblins
  11 hobgoblins
  12 jackals
  2 giant geckos
  2 giant newts (D:1)
  9 kobolds
  2 kobold skeletons (D:4)
  11 rats
105 creatures vanquished.

Notes
Turn   | Place    | Note
--------------------------------------------------------------
     0 | D:1      | HollowCharge, the Merfolk Skald, began the quest for the Orb.
     0 | D:1      | Reached XP level 1. HP: 16/16 MP: 3/3
   223 | D:1      | Reached XP level 2. HP: 13/23 MP: 4/4
   677 | D:1      | HP: 1/23 [giant mite (2)]
   933 | D:1      | Reached XP level 3. HP: 20/28 MP: 6/6
  1182 | D:1      | Reached skill level 4 in Polearms
  1969 | D:2      | Reached XP level 4. HP: 30/35 MP: 7/7
  2095 | D:2      | Learned a level 2 spell: Shroud of Golubria
  2358 | D:2      | Reached skill level 1 in Armour
  2998 | D:3      | Reached XP level 5. HP: 32/41 MP: 9/9
  3757 | D:3      | Learned a level 2 spell: Song of Slaying
  3965 | D:3      | Found a shimmering altar of Xom.
  4177 | D:4      | Reached skill level 1 in Stealth
  4183 | D:4      | Paralysed by a giant eyeball for 2 turns
  4190 | D:4      | Paralysed by a giant eyeball for 3 turns
  4265 | D:4      | Paralysed by a giant eyeball for 4 turns
  4621 | D:4      | Reached skill level 5 in Polearms
  4808 | D:4      | Noticed an ogre
  4851 | D:3      | Reached XP level 6. HP: 41/48 MP: 10/10
  5172 | D:4      | Noticed an ogre
  5193 | D:4      | Killed an ogre
  5456 | D:4      | Found a staircase to the Ecumenical Temple.
  5542 | D:4      | Demolished by an ogre

Action                   |  1- 3 |  4- 6 || total
-------------------------+-------+-------++-------
Melee: Spear             |   186 |   384 ||   570
  Use: Potion            |     2 |       ||     2
       Scroll            |       |     7 ||     7
